 Dungeon Crawl Stone Soup version 0.29.1-1-gd02db6906a (webtiles) character file.

Game seed: 12798754415886764155

1012 cdecastro the Thaumaturge (level 8, -1/41 HPs)
             Began as a Deep Elf Earth Elementalist on Sept 30, 2022.
             Was an Initiate of Vehumet.
             Killed from afar by an electric eel (7 damage)
             ... with a bolt of electricity
             ... on level 6 of the Dungeon on Oct 3, 2022.
             The game lasted 00:22:58 (7246 turns).

cdecastro the Thaumaturge (DEEE)                    Turns: 7246, Time: 00:22:59

Health: -1/41      AC:  3    Str:  8    XL:     8   Next: 1%
Magic:  21/22      EV: 18    Int: 23    God:    Vehumet [......]
Gold:   336        SH:  0    Dex: 19    Spells: 14/23 levels left

rFire   + . .      SeeInvis .   o - +2 whip (venom)
rCold   . . .      Faith    .   (no shield)
rNeg    . . .      Spirit   .   a - +0 robe
rPois   +          Reflect  .   (no helmet)
rElec   .          Harm     .   (no cloak)
rCorr   .          Rampage  .   d - +0 pair of gloves
Will    .....                   (no boots)
Stlth   +.........              (no amulet)
HPRegen 0.13/turn               i - +4 ring of evasion
MPRegen 0.18/turn               x - ring of Vadug {rPois rF+ Str+3 Dex+4}

@: very slow
A: no striking features
a: Renounce Religion


You were on level 6 of the Dungeon.
You worshipped Vehumet.
Vehumet was noncommittal.
You visited 2 branches of the dungeon, and saw 7 of its levels.

You collected 336 gold pieces.

Inventory:

Hand Weapons
 o - a +2 whip of venom (weapon)
 v - a +0 rapier of flaming
Missiles
 g - 70 stones
 s - 11 poisoned darts
 B - 4 atropa-tipped darts
 C - 3 throwing nets
Armour
 a - a +0 robe (worn)
 d - a +0 pair of gloves (worn)
Magical Staves
 j - a staff of conjuration
 p - a staff of fire
 w - a staff of air
Jewellery
 f - a ring of willpower
 i - a +4 ring of evasion (left hand)
 x - the ring of Vadug (right hand) {rPois rF+ Str+3 Dex+4}
   (You found it on level 3 of the Dungeon)

   [ring of poison resistance]

   Str:       It affects your strength (+3).
   Dex:       It affects your dexterity (+4).
   rF:        It protects you from fire.
   rPois:     It protects you from poison.
Wands
 y - a wand of charming (6)
 G - a wand of iceblast (13)
Scrolls
 e - a scroll of brand weapon {unknown}
 k - a scroll of summoning {unknown}
 n - a scroll of butterflies {unknown}
 q - 2 scrolls of teleportation
 t - 2 scrolls of fear {unknown}
 u - a scroll of amnesia {unknown}
 z - 4 scrolls of enchant armour
 A - 2 scrolls of noise {unknown}
 D - a scroll of enchant weapon {unknown}
 E - a scroll of immolation {unknown}
Potions
 b - 2 potions of magic
 c - 2 potions of resistance
 h - 2 potions of flight {unknown}
 l - 3 potions of curing
 m - 2 potions of heal wounds
 r - 2 potions of attraction
 F - 2 potions of mutation {unknown}


   Skills:
 + Level 4.5 Dodging
 - Level 2.4 Stealth
 - Level 8.0 Spellcasting
 - Level 5.0 Conjurations
 - Level 1.1 Transmutations
 - Level 6.0 Earth Magic


You had 14 spell levels left.
You knew the following spells:

 Your Spells              Type           Power      Damage    Failure   Level
a - Sandblast             Erth           72%        2d16      1%          1
b - Passwall              Tmut/Erth      20%        N/A       2%          2
c - Stone Arrow           Conj/Erth      68%        3d11      2%          3
d - Magic Dart            Conj           100%       1d8       1%          1
e - Searing Ray           Conj           64%        2d6       1%          2

Your spell library contained the following spells:

 Spells                   Type           Power      Damage    Failure   Level
 Ensorcelled Hibernation  Hex/Ice        18%        N/A       11%         2
 Scorch                   Fire           18%        2d6       11%         2
 Petrify                  Tmut/Erth      25%        N/A       16%         4
 Swiftness                Air            9%         N/A       21%         3
 Flame Wave               Conj/Fire      20%        2d7       24%         4
 Fulminant Prism          Conj/Hex       10%        3d9       24%         4
 Summon Cactus Giant      Summ           4%         N/A       100%        6


Dungeon Overview and Level Annotations

Branches:
Dungeon (6/15)             Temple (1/1) D:4

Altars:
Ashenzari
Cheibriados
Dithmenos
Elyvilon
Gozag
Hepliaklqana
Kikubaaqudgha
Makhleb
Nemelex Xobeh
Okawaru
Qazlal
Sif Muna
Trog
Vehumet
Wu Jian
Xom
Zin


Message History

You can't see any susceptible monsters within range! (Use Z to cast anyway.) Unknown command.
Casting: Sandblast (safe; 1% risk of failure)
Confirm with . or Enter, or press ? or * to list all spells.
You can't see any susceptible monsters within range! (Use Z to cast anyway.)
The electric eel shoots out a bolt of lightning at you!
The bolt of electricity hits you!
Casting: Sandblast (safe; 1% risk of failure)
Confirm with . or Enter, or press ? or * to list all spells.
Aiming: Magic Dart (safe; 1% risk of failure)
Press: ? - help, Shift-Dir - straight line, f - electric eel
Aim: an electric eel (water, moderately wounded, 100% to hit)
The magic dart hits the electric eel but does no damage.
The electric eel is moderately wounded.
Unknown command.
Casting: Magic Dart (safe; 1% risk of failure)
Confirm with . or Enter, or press ? or * to list all spells.
You can't see any susceptible monsters within range! (Use Z to cast anyway.)
Casting: Magic Dart (safe; 1% risk of failure)
Confirm with . or Enter, or press ? or * to list all spells.
Aiming: Magic Dart (safe; 1% risk of failure)
Press: ? - help, Shift-Dir - straight line, f/p - electric eel
Aim: an electric eel (water, moderately wounded, 100% to hit)
The magic dart hits the electric eel.
The electric eel is severely wounded.
The electric eel shoots out a bolt of lightning at you!
The bolt of electricity hits you!
* * * LOW HITPOINT WARNING * * *
The bolt of electricity hits you.
* * * LOW HITPOINT WARNING * * *
Unknown command.
The electric eel shoots out a bolt of lightning at you!
The bolt of electricity hits the plant!
The plant begins to die.
The bolt of electricity hits you.
* * * LOW HITPOINT WARNING * * *
You enter the shallow water.
Moving in this stuff is going to be slow.
The electric eel shoots out a bolt of lightning at you!
The bolt of electricity hits you!
You die...

~ ..♣♣~~~~~≈~≈~~~♣......> ~~♣
#PP~~~≈≈S≈~~~~~~♣...... ≈~~P♣♣
~~~P~~~~~~~~~~~~♣..... ≈≈~~♣P#
~~~~P~~~~♣~..~~P..... ≈≈~~~PP
~~PP.~.~.....~......
≈≈P~~♣~####...................
≈≈≈≈~~P...............~~~†♣...
≈≈≈≈~~P.###....P.~PP~PPP♣♣♣##.
≈≈≈≈S♣~~[#####@~~~~P~~~~♣♣.# #.
≈≈≈≈≈~~~.#....)♣~~~~♣~~♣P#.###.
≈≈~≈~P♣♣.#.#####♣♣♣♣♣♣♣♣##.....
≈≈≈~♣P~♣...# #♣♣♣♣♣.......#
≈≈≈≈P~~♣...# ##..##.######.#
≈≈~~~~P.##.## #.......# #.#
≈~~P~♣~###..#######.##### ###
~~P~~†~...#.)#......##
~♣~~PP~.#.##.#.......#


You could see an electric eel.

Vanquished Creatures
  2 ogres (D:5)
  A centaur (D:5)
  A phantom (D:5)
  A bullfrog (D:6)
  A scorpion (D:5)
  2 electric eels (D:6)
  5 hounds
  Terence (D:2)
  2 iguanas
  8 adders
  7 gnolls
  A shadow imp (D:6)
  A white imp (D:5)
  An ufetubus (D:4)
  A worm (D:2)
  5 dart slugs
  12 orcs
  6 ball pythons
  12 endoplasms
  2 giant cockroaches (D:1)
  5 hobgoblins
  2 jackals (D:4)
  2 quokkas
  5 frilled lizards
  11 goblins
  7 kobolds
  5 rats
109 creatures vanquished.

Vanquished Creatures (others)
  8 plants
8 creatures vanquished.

Grand Total: 117 creatures vanquished

Notes
Turn   | Place    | Note
-------+----------+-------------------------------------------
     0 | D:1      | cdecastro the Deep Elf Earth Elementalist began the quest
                  | for the Orb.
     0 | D:1      | Reached XP level 1. HP: 10/10 MP: 6/6
   531 | D:1      | Reached XP level 2. HP: 9/15 MP: 6/8
  1613 | D:2      | Reached XP level 3. HP: 17/19 MP: 6/9
  1910 | D:2      | Reached skill level 5 in Earth Magic
  1938 | D:2      | Found a glowing silver altar of Zin.
  2305 | D:2      | Noticed Terence
  2757 | D:2      | Reached XP level 4. HP: 13/24 MP: 7/10
  2919 | D:3      | Learned a level 2 spell: Passwall
  2923 | D:3      | Learned a level 3 spell: Stone Arrow
  2942 | D:3      | Found a faded altar of an unknown god.
  2979 | D:3      | Found a shadowy altar of Dithmenos.
  3233 | D:3      | Identified the ring of Vadug {rPois rF+ Str+3 Dex+4}
  3440 | D:3      | Reached skill level 1 in Conjurations
  3833 | D:4      | Found a staircase to the Ecumenical Temple.
  3867 | Temple   | Entered the Ecumenical Temple
  4038 | Temple   | Reached XP level 5. HP: 12/28 MP: 9/11
  4858 | D:4      | Learned a level 1 spell: Magic Dart
  4861 | D:4      | Learned a level 2 spell: Searing Ray
  5194 | D:5      | Entered Level 5 of the Dungeon
  5219 | D:5      | Found a broken altar of Ashenzari.
  5288 | D:5      | Reached XP level 6. HP: 28/32 MP: 6/13
  5311 | D:5      | HP: 1/32 [ogre/+0 giant club (15)]
  5323 | D:4      | Reached skill level 4 in Spellcasting
  5431 | D:5      | Reached skill level 5 in Spellcasting
  5535 | D:5      | Reached skill level 6 in Spellcasting
  5610 | D:5      | Reached XP level 7. HP: 36/36 MP: 11/18
  5635 | D:5      | Reached skill level 7 in Spellcasting
  5861 | D:5      | Found a radiant altar of Vehumet.
  5933 | D:5      | Found an iron altar of Okawaru.
  5960 | D:5      | Found a stormy altar of Qazlal.
  5967 | D:5      | Found a shimmering altar of Xom.
  6277 | D:5      | Reached skill level 8 in Spellcasting
  6421 | D:5      | Became a worshipper of Vehumet
  6568 | D:2      | Killed Terence
  6569 | D:2      | Reached skill level 5 in Conjurations
  7087 | D:6      | Reached XP level 8. HP: 41/41 MP: 17/22
  7246 | D:6      | Killed from afar by an electric eel

Illustrated notes

Levels and vault maps discovered:
D:1:      eino_arrival_cavern_b, layout_basic, dk_noncrumbling_3,
          serial_bayou_pond_d, minmay_pentomino_r4
D:2:      layout_basic, basic_altar, kennysheep_generic_room_11, uniq_terence
D:3:      layout_rooms, nicolae_dithmenos_shadow_blocks,
          shapermc_ecumenical_altar_mp_highgroup, grunt_ministairs_13,
          hangedman_feature_mirror
D:4:      layout_basic, minmay_temple_entry_sparse_star
D:5:      layout_basic, grunt_temple_overflow_open,
          gammafunk_temple_overflow_forgotten
D:6:      layout_basic, fedhas_altar_4, grunt_temple_overflow_holy_war,
          serial_bayou, serial_bayou_pond_e, serial_bayou_lake_a,
          serial_bayou_ford_a, serial_bayou_pond_d
Temple:   minmay_freezing_vapour_temple

Skill      XL: |  1  2  3  4  5  6  7 |
---------------+----------------------+-----
Earth Magic    | 4 5 6 |  6.0
Conjurations   | 1 4 5 |  5.0
Spellcasting   | 6 8 |  8.0
Dodging        | 4 |  4.5
Stealth        | |  2.4
Transmutations | |  1.1

Action                   |  1- 3 |  4- 6 |  7- 9 || total
-------------------------+-------+-------+-------++-------
Melee: Dagger            |    35 |     4 |       ||    39
       Rapier            |       |    65 |       ||    65
       Punch             |       |     1 |       ||     1
       Whip              |       |       |     9 ||     9
 Cast: Sandblast         |    43 |    30 |    18 ||    91
       Magic Dart        |       |     4 |    23 ||    27
       Searing Ray       |       |     1 |     5 ||     6
       Stone Arrow       |       |       |     4 ||     4
  Use: Scroll            |       |     7 |     1 ||     8
       Potion            |       |     2 |       ||     2
 Stab: Sleeping          |     8 |     2 |       ||    10
Armor: Robe              |     7 |    11 |     2 ||    20
Dodge: Dodged            |    26 |    83 |    22 ||   131
